[Event "Romanian Amateur Championship 2024"]
[Site "Eforie Nord"]
[Date "2024.02.28"]
[Round "5.4"]
[White "Barbu, Simon-Alexandru"]
[Black "Gazdaru, Rares"]
[Result "1-0"]
[ECO "B13"]
[WhiteElo "2030"]
[BlackElo "1807"]
[Annotator "NA RC"]
[PlyCount "71"]
[EventDate "2024.02.26"]
[EventType "swiss"]
[EventCountry "ROU"]
[SourceTitle "playchess.com"]
[Source "ChessBase"]
[SourceQuality "1"]
[TimeControl "3600+30"]

1. e4 c6 2. d4 d5 3. exd5 cxd5 4. Bd3 Nc6 5. c3 Nf6 6. Bf4 Bg4 7. Qb3 Qd7 8. Nd2 e6 9. Ngf3 Be7 {[%emt 0:00:19] 9...Bd6 is setting a new trend.} 10. Ne5 {[%emt 0:07:09] B13: Caro-Kann: Exchange Variation and Panov-Botvinnik Attack.} Qc8 11. Nxg4 Nxg4 12. O-O O-O 13. Rae1 Bd8 $146 ({Predecessor:} 13... Re8 14. Bb1 Nf6 15. Nf3 Na5 16. Qc2 g6 17. Ne5 Nc4 18. Kh1 Nd7 19. Ng4 Nf6 20. Nh6+ Kg7 21. Rd1 Ng8 {½-½ Derkos,D (1895)-Markopoulos,D (1295) Iarissa Summer 2nd 2008 (1)}) 14. Bd6 Be7 15. Bf4 Bd8 16. Qd1 Nf6 17. Re3 Ne7 18. Rh3 Ng6 19. Bd6 Re8 20. Bb5 Nd7 21. Qh5 Nf6 22. Qd1 Nd7 23. f4 a6 $16 24. Bd3 Qc6 25. Be5 Ndf8 26. Qh5 f6 27. Bxg6 hxg6 28. Qh8+ Kf7 29. Nf3 Re7 30. Ng5+ Ke8 31. Qxf8+ Kd7 32. Nf7 b5 33. Rh8 Rxf7 34. Qxf7+ Be7 35. Rxa8 Qxa8 36. Bc7 1-0

[Event "Romanian Amateur Championship 2024"]
[Site "Eforie Nord"]
[Date "2024.02.29"]
[Round "6.1"]
[White "Raducanu, Andrei-Augustin"]
[Black "Tanasie, Cosmin"]
[Result "1/2-1/2"]
[ECO "B37"]
[WhiteElo "1946"]
[BlackElo "2017"]
[Annotator "RC"]
[PlyCount "97"]
[EventDate "2024.02.26"]
[EventType "swiss"]
[EventCountry "ROU"]
[SourceTitle "playchess.com"]
[Source "ChessBase"]
[SourceQuality "1"]
[TimeControl "3600+30"]

1. Nf3 c5 2. c4 g6 3. d4 cxd4 4. Nxd4 Bg7 5. e4 Nc6 6. Nc2 Nf6 7. Nc3 O-O 8. Be2 d6 9. O-O Nd7 10. Be3 Nc5 11. Nd4 Ne6 12. Nxe6 Bxe6 13. Qd2 Ne5 14. Nd5 Nd7 15. Nf4 Nc5 16. Nxe6 Nxe6 17. Rac1 a5 18. b3 Qc7 19. Rfd1 Rfd8 20. Qc2 h5 21. h4 Bf6 22. g3 Rac8 23. Qb1 Nc5 24. f4 Bg7 25. Bf3 Qb6 26. Kg2 Qb4 27. Qc2 a4 28. Bxc5 Rxc5 29. e5 b5 30. exd6 Rxd6 31. Rxd6 exd6 32. Bd5 bxc4 33. bxc4 Qb2 34. Qxb2 Bxb2 35. Re1 Kf8 36. f5 gxf5 37. Rf1 Kg7 38. Rxf5 Kg6 39. Rg5+ Kh6 40. Rg8 Rc7 41. Rd8 Ba3 42. Ra8 Re7 43. Kf3 Bc5 44. Rxa4 Re3+ 45. Kg2 Re2+ 46. Kf1 Re3 47. Kg2 Re2+ 48. Kf1 Re3 49. Kg2 1/2-1/2

[Event "Romanian Amateur Championship 2024"]
[Site "Eforie Nord"]
[Date "2024.02.29"]
[Round "6.3"]
[White "Barbu, Simon-Alexandru"]
[Black "Petroff, Vlad"]
[Result "0-1"]
[ECO "B13"]
[WhiteElo "2030"]
[BlackElo "1655"]
[Annotator "RC"]
[PlyCount "88"]
[EventDate "2024.02.26"]
[EventType "swiss"]
[EventCountry "ROU"]
[SourceTitle "playchess.com"]
[Source "ChessBase"]
[SourceQuality "1"]
[TimeControl "3600+30"]

1. e4 c6 2. d4 d5 3. exd5 cxd5 4. Bd3 Nc6 5. c3 Qc7 6. Ne2 Bg4 7. O-O e6 8. Qe1 Nf6 9. Bg5 Bxe2 10. Qxe2 Bd6 11. g3 h6 12. Be3 h5 13. Nd2 h4 14. Kg2 O-O-O 15. b4 Nh5 16. Qf3 g5 17. b5 g4 18. Qe2 Na5 19. c4 dxc4 20. Rac1 Kb8 21. Nxc4 Nxc4 22. Rxc4 Qe7 23. b6 a6 24. Rfc1 hxg3 25. hxg3 f5 26. Rc7 Rd7 27. R7c3 Qh7 28. f4 gxf3+ 29. Qxf3 Rg7 30. Kf2 Rxg3 31. Qh1 Rg7 32. Ke1 Bb4 33. Qh2+ Ka8 34. Kd1 Bxc3 35. Rxc3 Nf6 36. Bh6 Rgg8 37. Bxa6 bxa6 38. Rc7 Rg1+ 39. Kc2 Rc1+ 40. Kb3 Rxc7 41. bxc7 Kb7 42. Qg2+ Nd5 43. Qg5 Qxh6 44. Qd8 Nxc7 0-1

[Event "Romanian Amateur Championship 2024"]
[Site "Eforie Nord"]
[Date "2024.02.29"]
[Round "6.4"]
[White "Sprincean, Lukas George"]
[Black "Cazan, Mircea-Andrei"]
[Result "1-0"]
[ECO "B68"]
[WhiteElo "1640"]
[BlackElo "1894"]
[Annotator "NA RC"]
[PlyCount "113"]
[EventDate "2024.02.26"]
[EventType "swiss"]
[EventCountry "ROU"]
[SourceTitle "playchess.com"]
[Source "ChessBase"]
[SourceQuality "1"]
[TimeControl "3600+30"]

1. e4 c5 2. Nf3 Nc6 3. d4 cxd4 4. Nxd4 Nf6 5. Nc3 d6 6. Bg5 e6 7. Qd2 a6 8. O-O-O Bd7 9. f4 Be7 {[%emt 0:00:06] is cutting edge theory.} 10. Kb1 b5 {[%emt 0:01:24] B68: Sicilian: Richter-Rauzer: 7...a6 8 0-0-0 Bd7 9 f4 Be7 .} 11. a3 Qb6 12. Nf3 $146 ({Predecessor:} 12. Nb3 b4 13. axb4 Qa7 14. Bxf6 gxf6 15. Na2 Rb8 16. Nd4 Qb7 17. c3 Nxd4 18. Qxd4 {1-0 Kamalidenova,M (2339)-Soumya,S (2351) Asian Online (Women) rapid 2021 (3)}) 12... O-O-O 13. Bd3 Kb8 14. Rhe1 Bc8 15. Bxf6 Bxf6 16. e5 Be7 17. Ne4 dxe5 18. fxe5 h6 19. Qf4 Rhf8 20. Nd6 g5 21. Qg3 b4 22. a4 Qc7 23. Be4 f5 24. Bxc6 Qxc6 25. Nd4 Qc7 26. Qf3 g4 27. Qb3 Bxd6 28. exd6 Rxd6 29. Qxb4+ Qb6 30. Nc6+ Rxc6 31. Qxf8 Qf2 32. Qb4+ Rb6 33. Qd4 Qxd4 34. Rxd4 Kc7 35. b4 Bb7 36. g3 Bd5 37. Kb2 Rc6 38. Re3 Kd6 39. Red3 Ke5 40. b5 axb5 41. axb5 Rb6 42. c4 Be4 43. Rd2 h5 44. Kc3 h4 45. Kb4 hxg3 46. hxg3 f4 47. gxf4+ Kf5 48. Re2 Ba8 49. Re5+ Kf6 50. Rg5 Bf3 51. Rd3 Rb7 52. Rxf3 gxf3 53. Rg3 Kf5 54. Rxf3 Ke4 55. Rf1 Kd4 56. Rd1+ Ke4 57. Re1+ $18 1-0

[Event "Romanian Amateur Championship 2024"]
[Site "Eforie Nord"]
[Date "2024.02.29"]
[Round "7.2"]
[White "Tanasie, Cosmin"]
[Black "Leu, Dragos Stefan"]
[Result "1/2-1/2"]
[ECO "A45"]
[WhiteElo "2017"]
[BlackElo "1838"]
[Annotator "NA RC"]
[PlyCount "140"]
[EventDate "2024.02.26"]
[EventType "swiss"]
[EventCountry "ROU"]
[SourceTitle "playchess.com"]
[Source "ChessBase"]
[SourceQuality "1"]
[TimeControl "3600+30"]

1. d4 Nf6 2. Bf4 g6 3. Nc3 d5 4. e3 Bg7 5. h4 h5 6. Nf3 {[%emt 0:00:11] A45: Trompowsky Attack.} O-O 7. Ne5 c5 8. Qd2 Nc6 9. O-O-O cxd4 10. exd4 Bf5 11. f3 Rc8 12. a3 a6 13. Nxc6 Rxc6 14. Bd3 Qd7 15. Rde1 Bxd3 16. Qxd3 Rfc8 17. Re2 b5 18. Rhe1 Bf8 19. Bg5 $15 Rc4 20. Nd1 a5 21. Ne3 R4c7 22. Qb3 a4 23. Qd3 Rb7 24. c3 b4 25. axb4 Rxb4 26. Rc2 Rb6 27. Bf4 Ra8 28. Kd2 Qb7 29. Nd1 a3 30. bxa3 Rxa3 31. Ke2 Qa6 32. Qxa6 Rbxa6 33. Kd3 Nd7 34. Ne3 e6 35. Rb1 Bd6 36. Bxd6 Rxd6 37. Rcb2 Rc6 38. Rb3 Rxb3 39. Rxb3 Nb6 40. Rb4 Kg7 41. g3 Nc8 42. c4 dxc4+ 43. Nxc4 Ne7 44. Rb7 Kf8 45. Ne5 Rd6 46. g4 f6 47. Nc4 Rd8 48. Rb6 Nd5 49. Rb7 Ne7 50. Nb6 Ke8 51. Ke3 Kf8 52. Nd7+ Kf7 53. Kf4 Ra8 54. g5 f5 55. Ne5+ Ke8 56. Nc4 Rd8 57. Ke5 Nc6+ 58. Kxe6 Nxd4+ 59. Kf6 Nxf3 60. Re7+ Kf8 61. Rh7 Ke8 62. Kxg6 Nxh4+ 63. Kxh5 Ng2 64. Kg6 f4 65. Kf6 f3 66. g6 f2 67. Re7+ Kf8 68. Rf7+ Kg8 69. Ke7 Rd4 70. Rxf2 Rxc4 1/2-1/2

[Event "Romanian Amateur Championship 2024"]
[Site "Eforie Nord"]
[Date "2024.02.29"]
[Round "7.3"]
[White "Petroff, Vlad"]
[Black "Sprincean, Lukas George"]
[Result "1-0"]
[ECO "B11"]
[WhiteElo "1655"]
[BlackElo "1640"]
[Annotator "NA RC"]
[PlyCount "100"]
[EventDate "2024.02.26"]
[EventType "swiss"]
[EventCountry "ROU"]
[SourceTitle "playchess.com"]
[Source "ChessBase"]
[SourceQuality "1"]
[TimeControl "3600+30"]

1. e4 c6 2. Nc3 d5 3. Nf3 dxe4 4. Nxe4 Nf6 5. Qe2 Nxe4 6. Qxe4 Qa5 7. Bd3 Nd7 8. O-O Nf6 9. Qh4 Bg4 10. Qg3 e6 11. h3 Bh5 12. Bc4 O-O-O 13. d3 Rg8 14. Bd2 Qb6 15. Bc3 Be7 16. a4 g5 17. a5 Qc7 18. Be5 Bd6 19. Bxd6 Qxd6 20. Qxd6 Rxd6 21. Nd2 g4 22. h4 Bg6 23. g3 Re8 24. Rfe1 e5 25. Ne4 Nxe4 26. dxe4 Rd2 27. Bd3 Rd8 28. Re3 Rf8 29. Kf1 f5 30. Ke1 f4 31. Kxd2 fxe3+ 32. Kxe3 Rf3+ 33. Ke2 c5 34. Rd1 Rf6 35. b3 a6 36. Rf1 Bh5 37. Ke3 Rf3+ 38. Kd2 Kc7 39. Be2 Rf6 40. Ke3 Rg6 41. Rd1 Re6 42. Rd5 Kc6 43. Rd8 Kc7 44. Rg8 h6 45. Rg7+ Kc6 46. Bc4 Rf6 47. Re7 Rf3+ 48. Ke2 b5 49. axb6 Kxb6 50. Rxe5 Bg6 1-0

[Event "Romanian Amateur Championship 2024"]
[Site "Eforie Nord"]
[Date "2024.02.29"]
[Round "7.4"]
[White "Rusu, Adrian"]
[Black "Nagy, Janos-Nandor"]
[Result "1/2-1/2"]
[ECO "B13"]
[WhiteElo "1734"]
[BlackElo "1910"]
[Annotator "NA RC"]
[PlyCount "78"]
[EventDate "2024.02.26"]
[EventType "swiss"]
[EventCountry "ROU"]
[SourceTitle "playchess.com"]
[Source "ChessBase"]
[SourceQuality "1"]
[TimeControl "3600+30"]

1. e4 c6 2. d4 d5 3. exd5 cxd5 4. Bd3 Nc6 5. c3 Qc7 6. Nf3 Bg4 7. Be3 e6 8. Nbd2 Bd6 9. h3 Bh5 10. Qc2 Rc8 11. O-O Bg6 12. Rae1 Nge7 13. Nh4 Bxd3 14. Qxd3 O-O 15. f4 b5 16. Nb3 b4 17. Nc5 Bxc5 18. dxc5 bxc3 19. bxc3 Ng6 20. Nxg6 hxg6 21. Rb1 Na5 22. Bd4 Nb7 23. c6 Qxc6 24. Bxa7 Nc5 25. Qe3 Ne4 26. Rfc1 Qc4 27. Rb3 Ra8 28. Rc2 Rfc8 29. Kh2 Nd6 30. Rb4 Qa6 31. Bd4 Nf5 32. Qf2 Rc4 33. Rcb2 Rcc8 34. Be5 Qd3 35. Rb7 Ne3 36. Rxf7 Nf1+ 37. Kg1 Ng3 38. Rxg7+ Kf8 39. Qb6 Qd1+ 1/2-1/2

[Event "Romanian Amateur Championship 2024"]
[Site "Eforie Nord"]
[Date "2024.03.01"]
[Round "8.1"]
[White "Petroff, Vlad"]
[Black "Raducanu, Andrei-Augustin"]
[Result "1-0"]
[ECO "D00"]
[WhiteElo "1655"]
[BlackElo "1946"]
[Annotator "NA RC"]
[PlyCount "63"]
[EventDate "2024.02.26"]
[EventType "swiss"]
[EventCountry "ROU"]
[SourceTitle "playchess.com"]
[Source "ChessBase"]
[SourceQuality "1"]
[TimeControl "3600+30"]

1. d4 d5 2. Bg5 c6 3. e3 Qb6 4. b3 Bf5 5. Nf3 e6 6. Nbd2 h6 7. Bh4 Ba3 8. Be2 Qa5 9. O-O Bb2 10. Rb1 Bc3 11. a4 g5 12. Bg3 Na6 13. b4 Nxb4 14. Nb3 Qxa4 15. Bd3 b6 16. Bxf5 exf5 17. Ne5 Ne7 18. Qh5 Rh7 19. Nf3 O-O-O 20. Nxg5 Rg7 21. Nxf7 Rdg8 22. Qxh6 Ng6 23. Nd6+ Kd7 24. Nxf5 Rf7 25. Qh3 Kd8 26. Nh6 Rh7 27. Qe6 Rgg7 28. Nf5 Rf7 29. Qxg6 Qa6 30. Nd6 Rd7 31. Qe8+ Kc7 32. Nf7+ 1-0

[Event "Romanian Amateur Championship 2024"]
[Site "Eforie Nord"]
[Date "2024.03.01"]
[Round "8.3"]
[White "Leu, Dragos Stefan"]
[Black "Velciu, Gheorghe"]
[Result "1-0"]
[ECO "A48"]
[WhiteElo "1838"]
[BlackElo "1817"]
[Annotator "NA RC"]
[PlyCount "61"]
[EventDate "2024.02.26"]
[EventType "swiss"]
[EventCountry "ROU"]
[SourceTitle "playchess.com"]
[Source "ChessBase"]
[SourceQuality "1"]
[TimeControl "3600+30"]

1. d4 Nf6 2. Bf4 g6 3. e3 Bg7 4. Nf3 d6 5. h3 Nbd7 6. Be2 c5 7. O-O O-O 8. c4 Qb6 9. Qc2 Re8 10. Rd1 e5 11. dxe5 dxe5 12. Bh2 Qc7 13. Nc3 a6 14. Nd5 Nxd5 15. cxd5 f6 16. h4 Rb8 17. h5 g5 18. Bd3 h6 19. Rac1 Qd8 20. Nd2 b5 21. Bg6 Rf8 22. Ne4 c4 23. Nd6 Nc5 24. Nxc8 Rxc8 25. Bf5 Rc7 26. d6 Rc6 27. d7 Qe7 28. Qd2 Rd8 29. Qd5+ Re6 30. b4 Rxd7 31. Bxe6+ 1-0

[Event "Romanian Amateur Championship 2024"]
[Site "Eforie Nord"]
[Date "2024.03.01"]
[Round "8.4"]
[White "Tudoroiu, Razvan-Catalin"]
[Black "Rusu, Adrian"]
[Result "1-0"]
[ECO "A45"]
[WhiteElo "2031"]
[BlackElo "1734"]
[Annotator "NA RC"]
[PlyCount "85"]
[EventDate "2024.02.26"]
[EventType "swiss"]
[EventCountry "ROU"]
[SourceTitle "playchess.com"]
[Source "ChessBase"]
[SourceQuality "1"]
[TimeControl "3600+30"]

1. d4 Nf6 2. Bf4 e6 3. e3 c5 4. Nd2 cxd4 5. exd4 b6 6. Ngf3 Be7 7. h3 O-O 8. a4 d6 9. c3 h6 10. Bb5 Bb7 11. O-O Na6 12. Qe2 Nc7 13. Bd3 Ncd5 14. Bh2 a6 15. Rfe1 Qd7 16. Qd1 b5 17. Qb3 Bc6 18. axb5 axb5 19. Rec1 Nb6 20. Ne1 Nfd5 21. Ne4 f5 22. Nd2 Kh8 23. Qd1 Nf6 24. Qe2 Rxa1 25. Rxa1 Ra8 26. Rb1 Ra2 27. Nb3 Ne4 28. Nc1 Ra8 29. Nc2 Nc4 30. f3 Ned2 31. Ra1 Rxa1 32. Nxa1 e5 33. b3 exd4 34. bxc4 bxc4 35. cxd4 Nxf3+ 36. gxf3 cxd3 37. Nxd3 Bf6 38. Nc2 Qa7 39. Bxd6 Bxd4+ 40. Kg2 Bb5 41. Qd2 Qa2 42. Ndb4 Qe6 43. Qxd4 1-0

[Event "Romanian Amateur Championship 2024"]
[Site "Eforie Nord"]
[Date "2024.03.02"]
[Round "9.1"]
[White "Tanasie, Cosmin"]
[Black "Petroff, Vlad"]
[Result "1/2-1/2"]
[ECO "D00"]
[WhiteElo "2017"]
[BlackElo "1655"]
[Annotator "NA"]
[PlyCount "77"]
[EventDate "2024.02.26"]
[EventType "swiss"]
[EventCountry "ROU"]
[SourceTitle "playchess.com"]
[Source "ChessBase"]
[SourceQuality "1"]
[TimeControl "3600+30"]

1. d4 d5 2. Bf4 Nf6 3. e3 c5 4. c3 Nc6 5. Nd2 Bf5 6. Qb3 {[%emt 0:00:29] D00: 1 d4 d5: Unusual lines.} Qd7 7. Ngf3 c4 8. Qd1 e6 9. Be2 b5 10. a3 h6 11. O-O Bd6 12. Ne5 Qc7 13. Nxc6 Qxc6 14. Nf3 O-O 15. Ne5 Qc7 16. Bg3 (16. h4 $15) 16... Ne4 17. Nf3 a5 18. Bxd6 Qxd6 19. Nd2 Rfb8 20. Nxe4 Bxe4 $17 21. b4 axb4 22. axb4 Ra6 23. Rxa6 Qxa6 24. Qa1 Ra8 25. Qxa6 Rxa6 26. Rc1 Ra3 27. g3 Ra2 28. Bf1 Bf3 29. Bg2 Bxg2 30. Kxg2 Kf8 31. g4 g6 32. Kg3 Kg7 33. h3 g5 34. Kf3 Kg6 35. Kg3 Kf6 36. f4 Re2 37. Kf3 Rh2 38. Kg3 Re2 39. Kf3 1/2-1/2

[Event "Romanian Amateur Championship 2024"]
[Site "Eforie Nord"]
[Date "2024.03.02"]
[Round "9.2"]
[White "Zubcu, Vlad-George"]
[Black "Leu, Dragos Stefan"]
[Result "1-0"]
[ECO "B23"]
[WhiteElo "2166"]
[BlackElo "1838"]
[Annotator "RC"]
[PlyCount "89"]
[EventDate "2024.02.26"]
[EventType "swiss"]
[EventCountry "ROU"]
[SourceTitle "playchess.com"]
[Source "ChessBase"]
[SourceQuality "1"]
[TimeControl "3600+30"]

1. e4 c5 2. Nc3 Nc6 3. Bb5 Nd4 4. Nf3 g6 5. Nxd4 cxd4 6. Ne2 Bg7 7. c3 a6 8. Bd3 dxc3 9. dxc3 d6 10. Be3 Nf6 11. h3 O-O 12. a4 b6 13. O-O Bb7 14. Qc2 Qc7 15. f4 Rac8 16. Ng3 e5 17. Qe2 a5 18. Qf2 Nd7 19. Rfd1 d5 20. Bb5 Rcd8 21. exd5 Nc5 22. b4 axb4 23. cxb4 Nb3 24. Bxb6 Qc3 25. Bxd8 Rxd8 26. Rab1 Rxd5 27. Rxd5 Bxd5 28. Rd1 Nd4 29. Qe1 Qb2 30. Qd2 Qb3 31. Ne2 Bb7 32. Nxd4 exd4 33. Re1 Bf6 34. a5 Kg7 35. Bf1 Bd5 36. b5 Qg3 37. b6 d3 38. Qf2 Qxf2+ 39. Kxf2 Bd4+ 40. Kg3 Bc3 41. Rb1 Bb7 42. Bxd3 Bxa5 43. Be2 g5 44. Bf3 gxf4+ 45. Kf2 1-0

[Event "Romanian Amateur Championship 2024"]
[Site "Eforie Nord"]
[Date "2024.03.02"]
[Round "9.3"]
[White "Sprincean, Lukas George"]
[Black "Tudoroiu, Razvan-Catalin"]
[Result "0-1"]
[ECO "B38"]
[WhiteElo "1640"]
[BlackElo "2031"]
[Annotator "NA RC"]
[PlyCount "104"]
[EventDate "2024.02.26"]
[EventType "swiss"]
[EventCountry "ROU"]
[SourceTitle "playchess.com"]
[Source "ChessBase"]
[SourceQuality "1"]
[TimeControl "3600+30"]

1. e4 c5 2. Nf3 Nc6 3. d4 cxd4 4. Nxd4 g6 5. c4 Bg7 6. Be3 Nf6 7. Nc3 O-O 8. Be2 d6 9. O-O Bd7 10. Rb1 Nxd4 11. Bxd4 Bc6 12. f3 a5 13. Qd2 Nd7 {[%emt 0:00:36] B38: Sicilian: Maroczy Bind with 5...Bg7 and 7...0-0.} 14. b3 Nc5 15. Bxg7 Kxg7 16. Qd4+ e5 17. Qd2 Ne6 18. Rbd1 Qb6+ 19. Kh1 Rfd8 20. Nd5 Bxd5 21. exd5 $11 Nd4 22. f4 f6 23. fxe5 dxe5 24. Bf3 Qc5 25. Qc3 Ra6 26. a3 b5 27. Rfe1 b4 28. axb4 axb4 29. Qe3 Ra3 30. Rd3 Rc8 31. h3 Rc7 32. Red1 Qd6 33. Rxd4 exd4 34. Qxd4 Rxb3 35. Rc1 Rc5 36. Bd1 Ra3 37. Bg4 Rc3 38. Rxc3 bxc3 39. Bd1 Rc7 40. Bb3 Qc5 41. Qd3 Qb4 42. Qc2 Re7 43. h4 Re1+ 44. Kh2 Qd6+ 45. g3 Qc5 46. Kh3 Rh1+ 47. Kg2 Qg1+ 48. Kf3 Qf1+ 49. Qf2 Qd3+ 50. Kg2 Qe4+ 51. Qf3 Qe2+ 52. Qf2 Rh2+ 0-1

[Event "Romanian Amateur Championship 2024"]
[Site "Eforie Nord"]
[Date "2024.03.02"]
[Round "9.4"]
[White "Raducanu, Andrei-Augustin"]
[Black "Nagy, Janos-Nandor"]
[Result "1/2-1/2"]
[ECO "A13"]
[WhiteElo "1946"]
[BlackElo "1910"]
[Annotator "RC"]
[PlyCount "27"]
[EventDate "2024.02.26"]
[EventType "swiss"]
[EventCountry "ROU"]
[SourceTitle "playchess.com"]
[Source "ChessBase"]
[SourceQuality "1"]
[TimeControl "3600+30"]

1. Nf3 Nf6 2. c4 e6 3. g3 d5 4. Bg2 d4 5. b4 a5 6. Bb2 axb4 7. Nxd4 Be7 8. O-O O-O 9. Nb3 Nbd7 10. d4 Nb6 11. Qc2 Na4 12. Bc1 c5 13. dxc5 Nxc5 14. Rd1 1/2-1/2